 Dungeon Crawl Stone Soup version 0.28-b1-38-gff268fdeb9 (webtiles) character file.

Game seed: 7563570002518852086

346358 GordonOverkill the Cloud Mage (level 21, -13/110 (119) HPs)
             Began as a Spriggan Air Elementalist on Feb 1, 2022.
             Was the Champion of Vehumet.
             Mangled by a +4 demon trident of draining (14 damage)
             ... on level 1 of the Depths on Feb 3, 2022.
             The game lasted 03:36:45 (74347 turns).

GordonOverkill the Cloud Mage (SpAE)               Turns: 74347, Time: 03:36:45

HP:   -13/110 (119) AC: 12    Str:  4    XL:     21   Next: 19%
MP:   44/44         EV: 26    Int: 25    God:    Vehumet [******]
Gold: 1261          SH:  0    Dex: 18    Spells: 9/56 levels left

rFire   + . .      SeeInvis +   O - staff of air
rCold   + . .      Faith    .   (shield currently unavailable)
rNeg    . . .      Spirit   .   P - +0 troll leather armour
rPois   .          Reflect  .   n - +2 hat
rElec   +          Harm     .   R - +2 cloak {rC+}
rCorr   .          Rampage  .   (gloves unavailable)
Will    +++..                   (boots unavailable)
Stlth   +++.......              i - amulet of magic regeneration
HPRegen 1.08/turn               A - ring of fire
MPRegen 0.69/turn               N - ring of protection from cold

@: marked, studying Stealth, drained, very quick
A: very small, no large weapons, unfitting armour, see invisible, speed 3, horns
1, iridescent scales 1, subdued magic 1
}: 2/15 runes: decaying, serpentine
a: Renounce Religion


You were on level 1 of the Depths.
You worshipped Vehumet.
Vehumet was exalted by your worship.
You visited 8 branches of the dungeon, and saw 37 of its levels.
You also visited: Gauntlet and Ice Cave.

You collected 4425 gold pieces.
You spent 3164 gold pieces at shops.

Inventory:

Hand Weapons
 X - a +5 eveningstar of venom
Missiles
 d - 3 curare-tipped darts
 l - 2 throwing nets
Armour
 n - a +2 hat (worn)
 w - a +0 buckler
 P - a +0 troll leather armour (worn)
 R - a +2 cloak of cold resistance (worn)
Magical Staves
 O - a staff of air (weapon)
Jewellery
 c - a ring of poison resistance
 i - an amulet of magic regeneration (around neck)
 k - an amulet of reflection
 r - a +4 ring of protection
 A - a ring of fire (left hand)
 M - a +4 ring of evasion
 N - a ring of protection from cold (right hand)
 S - a ring of wizardry
 T - the ring "Naiqon" {Ice Int+4 Slay+3}
   (You found it in an ice cave)

   [ring of ice]

   It enhances your ice magic.
   Int:       It affects your intelligence (+4).
   Slay:      It affects your accuracy & damage with ranged weapons and melee
   (+3).
   rF:        It makes you vulnerable to fire.
   rC:        It protects you from cold.
 Z - a ring of willpower
Wands
 a - a wand of acid (7)
 o - a wand of charming (35)
 y - a wand of iceblast (26)
 D - a wand of digging (13)
 I - a wand of paralysis (18)
 L - a wand of mindburst (9)
Scrolls
 b - 4 scrolls of fog
 f - 9 scrolls of amnesia
 g - 2 scrolls of enchant armour
 h - 3 scrolls of silence
 j - 3 scrolls of blinking
 p - 2 scrolls of summoning
 s - 3 scrolls of holy word
 x - 24 scrolls of identify
 B - 10 scrolls of teleportation
 Q - 7 scrolls of fear
 V - a scroll of magic mapping
 W - 4 scrolls of immolation
Potions
 m - 2 potions of invisibility
 q - 14 potions of curing
 t - 6 potions of lignification
 u - 14 potions of heal wounds
 z - 7 potions of brilliance
 E - 6 potions of mutation
 F - 5 potions of magic
 H - 3 potions of ambrosia
 J - 2 potions of resistance
 K - 11 potions of haste
 U - 4 potions of cancellation
 Y - 4 potions of flight
Miscellaneous
 e - a phantom mirror
 v - a tin of tremorstones (2/2)
 C - a condenser vane
 G - a phial of floods


   Skills:
 + Level 15.7 Fighting
 - Level 5.0 Armour
 - Level 15.0 Dodging
 - Level 4.0 Stealth
 + Level 18.3 Spellcasting
 - Level 7.0 Conjurations
 + Level 11.2 Ice Magic
 - Level 22.0 Air Magic
 - Level 7.0 Evocations


You had 9 spell levels left.
You knew the following spells:

 Your Spells              Type           Power      Damage    Failure   Level
a - Shock                 Conj/Air       100%       1d9       0%          1
b - Airstrike             Air            50%        N/A       0%          4
c - Mephitic Cloud        Conj/Pois/Air  70%        N/A       1%          3
d - Maxwell's Capacitive  Air            50%        ∞         1%          8
e - Conjure Ball Lightni  Conj/Air       41%        3x3d13    1%          6
f - Iron Shot             Conj/Erth      15%        9d4       28%         6
g - Freezing Cloud        Conj/Ice/Air   40%        6-21      1%          5
h - Orb of Destruction    Conj           22%        9d8       36%         7
i - Ozocubu's Refrigerat  Ice            28%        4d10      7%          7

Your spell library contained the following spells:

 Spells                   Type           Power      Damage    Failure   Level
 Fire Storm               Conj/Fire      23%        8d6       100%        9
 Polar Vortex             Ice            28%        N/A       100%        9
 Shatter                  Erth           8%         3d10*     100%        9
 Static Discharge         Conj/Air       83%        N/A       0%          2
 Swiftness                Air            100%       N/A       0%          3
 Magic Dart               Conj           100%       1d8       1%          1
 Corpse Rot               Necr/Air       100%       N/A       1%          2
 Poisonous Vapours        Pois/Air       100%       N/A       1%          2
 Scorch                   Fire           52%        2d7       1%          2
 Searing Ray              Conj           88%        2d7       1%          2
 Flame Wave               Conj/Fire      46%        2d10      1%          4
 Fulminant Prism          Conj/Hex       15%        3d11      1%          4
 Iskenderun's Mystic Bla  Conj/Tloc      31%        2d8       1%          4
 Summon Lightning Spire   Summ/Air       74%        N/A       1%          4
 Lightning Bolt           Conj/Air       41%        1d60      1%          5
 Animate Skeleton         Necr           34%        N/A       2%          1
 Pain                     Necr           68%        1d7       2%          1
 Sting                    Tmut/Pois      68%        1d6       2%          1
 Summon Small Mammal      Summ           68%        N/A       2%          1
 Blink                    Tloc           34%        N/A       4%          2
 Fireball                 Conj/Fire      23%        3d11      5%          5
 Call Canine Familiar     Summ           17%        N/A       9%          3
 Confusing Touch          Hex            17%        N/A       9%          3
 Gell's Gravitas          Tloc           17%        N/A       9%          3
 Lesser Beckoning         Tloc           17%        N/A       9%          3
 Portal Projectile        Hex/Tloc       34%        N/A       9%          3
 Spider Form              Tmut/Pois      17%        N/A       9%          3
 Summon Guardian Golem    Hex/Summ       17%        N/A       9%          3
 Teleport Other           Tloc           17%        N/A       9%          3
 Tukima's Dance           Hex            17%        N/A       9%          3
 Vampiric Draining        Necr           17%        2d7       9%          3
 Lee's Rapid Deconstruct  Erth           8%         3d8*      22%         5
 Yara's Violent Unravell  Hex/Tmut       8%         3d5       22%         5
 Starburst                Conj/Fire      23%        6d8       28%         6
 Storm Form               Tmut/Air       37%        N/A       28%         7
 Cause Fear               Hex            8%         N/A       30%         4
 Leda's Liquefaction      Hex/Erth       8%         N/A       30%         4
 Passage of Golubria      Tloc           17%        N/A       30%         4
 Agony                    Necr           17%        N/A       65%         5
 Blade Hands              Tmut           8%         N/A       65%         5
 Excruciating Wounds      Necr           8%         N/A       65%         5
 Manifold Assault         Tloc           17%        N/A       65%         5
 Dispersal                Tloc           8%         N/A       99%         6
 Statue Form              Tmut/Erth      11%        N/A       99%         6
 Summon Cactus Giant      Summ           8%         N/A       99%         6
 Dragon Form              Tmut           8%         N/A       100%        7
 Enfeeble                 Hex            8%         N/A       100%        7
 Borgnjor's Revivificati  Necr           8%         N/A       100%        8
 Ignition                 Fire           13%        3d6       100%        8
 Lehudib's Crystal Spear  Conj/Erth      15%        10d5      100%        8
 Necromutation            Tmut/Necr      8%         N/A       100%        8
 Death's Door             Necr           8%         N/A       100%        9
 Dragon's Call            Summ           8%         N/A       100%        9


Dungeon Overview and Level Annotations

Branches:
Dungeon (15/15)            Temple (1/1) D:6            Lair (6/6) D:11
  Swamp (4/4) Lair:2        Snake (4/4) Lair:4        Slime (0/5) Lair:6
    Orc (2/2) D:10            Elf (0/3) Orc:2        Vaults (4/5) D:13
  Crypt (0/3) Vaults:2     Depths (1/4) D:15          IceCv (visited)
Gauntlet (visited)

Altars:
Ashenzari
Cheibriados
Dithmenos
Elyvilon
Fedhas
Gozag
Hepliaklqana
Kikubaaqudgha
Makhleb
Nemelex Xobeh
Okawaru
Qazlal
Ru
Sif Muna
Trog
Uskayaw
Vehumet
Wu Jian
Xom
Yredelemnul
Zin
The Shining One
Beogh

Shops:
D:5 *   D:7 *   D:10 *   Orc:2 (:!   Snake:2 [   Snake:3 (   Vaults:1 (
Depths:1 ::([

Portals:
Hell: Depths:1
Pandemonium: Orc:2
Ziggurat: Depths:1
Trove: D:12 (give 20 potions of curing)

Annotations:
D:8 exclusion: downstairs
Swamp:1 2 transporters, Ypsiuj's ghost, adept GnSk
Swamp:3 1 transporter


Innate Abilities, Weirdness & Mutations

You are very small and have problems with some larger weapons.
You are too small for most types of armour.
You have supernaturally acute eyesight. (SInv)
You cover ground extremely quickly. (Speed+++)
You have a pair of small horns on your head.
You are partially covered in iridescent scales. (AC +2)
Your spells are a little easier to cast, but a little less powerful.


Message History

You feel charge building up...
The +0 vampiric demon whip closely misses you.
The +0 vampiric demon whip hits you!
* * * LOW HITPOINT WARNING * * *
You feel charge building up... The +0 vampiric demon whip hits you.
* * * LOW HITPOINT WARNING * * *
The +4 demon trident of draining hits you from afar!
* * * LOW HITPOINT WARNING * * *
You feel drained.
* * * LOW HITPOINT WARNING * * *
The +0 vampiric demon whip hits you but does no damage.
The insufficient charge dissipates harmlessly.
The +0 vampiric demon whip misses you. The +0 vampiric demon whip hits you!
* * * LOW HITPOINT WARNING * * *
The +0 vampiric demon whip hits you.
* * * LOW HITPOINT WARNING * * *
The +1 demon blade of pain completely misses you.
The +0 vampiric demon whip hits you!
* * * LOW HITPOINT WARNING * * *
The +4 demon trident of draining closely misses you.
The +4 demon trident of draining sets off the alarm!
The alarm trap emits a blaring wail!
A sentinel's mark forms upon you. The +0 vampiric demon whip hits you!
* * * LOW HITPOINT WARNING * * *
The +0 vampiric demon whip hits you!
* * * LOW HITPOINT WARNING * * *
As you read the scroll of teleportation, it crumbles to dust.
You feel strangely unstable. The +0 vampiric demon whip hits you!
* * * LOW HITPOINT WARNING * * *
The +0 vampiric demon whip hits you.
* * * LOW HITPOINT WARNING * * *
Your surroundings seem slightly different.
The +0 vampiric demon whip hits you.
* * * LOW HITPOINT WARNING * * *
The +4 demon trident of draining hits you!!
* * * LOW HITPOINT WARNING * * *
You feel drained.
You die...

...P.P...[.# ##(##..≈≈≈≈≈≈.≈....
≈..........####......≈≈≈≈≈≈.≈....
≈......≈≈..##........≈≈≈≈≈≈......
≈.......(≈......#....≈≈≈≈≈≈..[...
≈≈≈..##.≈≈..(...........≈≈≈......
≈....##.....#.........≈..≈≈......
≈.......(.####((......≈≈.......≈.
≈.........# #.(......≈≈.##...(≈≈
..........## ##(@.....≈≈.#.#.....
.≈≈........####..(.........#.....
≈≈≈.....((..##...........#...##.#
≈≈≈......≈.........§.............
≈≈≈......≈≈≈≈≈..............≈≈...
≈≈≈.##..≈≈≈≈≈≈...........≈≈≈≈≈...
....###.≈≈≈≈≈............≈≈≈.....
.........................>≈≈.....
.....(................#....≈.....


You could see 6 dancing weapons.

Vanquished Creatures
  Vashnia (Snake:3)
  A tentacled monstrosity (Swamp:3)
  3 sphinxes
  4 thorn hunters
  7 nagarajas
  A fenstrider witch (Swamp:1)
  12 vault wardens
  Louise (Snake:1)
  4 frost giants
  2 orc warlords (Vaults:4)
  Aizul (Swamp:4)
  An angel (Depths:1)
  11 ironbound preservers
  10 very ugly things
  6 ironbound thunderhulks
  A stone giant (Vaults:1)
  2 eleionomae (Swamp:1)
  2 entropy weavers
  A white draconian (IceCv)
  5 bunyips
  15 dire elephants
  An entropy weaver (shapeshifter) (Vaults:3)
  5 ettins
  A crystal guardian (Vaults:1)
  A fire dragon (D:15)
  Josephine (D:11)
  A merfolk impaler (Depths:1)
  A shambling mangrove (Swamp:3)
  2 ice dragons (Depths:1)
  7 yaktaur captains
  A boulder beetle (D:15)
  26 hydras
  4 great orbs of eyes
  2 peacekeepers
  15 naga warriors
  10 vault guards
  22 anacondas
  6 salamander tyrants
  2 demonspawn (Orc:2)
  A ghost crab (Swamp:1)
  20 ironbound frosthearts
  2 spriggan air magi
  8 centaur warriors
  A death knight (D:14)
  Urug (D:12)
  2 deep troll earth magi
  12 alligators
  5 two-headed ogres
  A tengu warrior (D:15)
  6 shock serpents
  21 naga sharpshooters
  7 orc high priests (Orc:2)
  6 spriggans
  10 skeletal warriors
  2 iron trolls (D:15)
  A spectral death yak (Lair:6)
  4 goliath frogs
  A spriggan druid (Swamp:4)
  7 salamander mystics
  9 naga ritualists
  44 deep trolls
  A spectral anaconda (Lair:6)
  A tengu zombie (Vaults:3)
  An obsidian statue (Lair:6)
  12 wizards
  10 swamp dragons
  4 bog bodies
  15 ironbound convokers
  An orange crystal statue (IceCv)
  9 lindwurms
  12 orc knights
  8 mana vipers
  6 necromancers
  2 deep elf pyromancers
  3 harpies (Vaults:1)
  3 will-o-the-wisps
  A sphinx skeleton (Vaults:3)
  58 ugly things
  31 salamanders
  6 cyclopes
  5 orc sorcerers (Orc:2)
  4 manticores
  2 rust devils (Orc:2)
  An ice statue (D:15)
  20 elephants
  19 naga magi
  11 guardian serpents
  Maurice (D:9)
  40 black mambas
  23 vault sentinels
  A gargoyle (D:9)
  A torpor snail (Lair:6)
  An unseen horror (D:12)
  18 rime drakes
  5 komodo dragons
  7 cane toads
  A yaktaur zombie (Vaults:3)
  2 efreet
  A hellwing (Orc:2)
  2 freezing wraiths
  28 yaktaurs
  9 trolls
  An ice devil (Orc:2)
  19 polar bears
  Grinder (D:5)
  8 hornets
  5 tyrant leeches
  A polar bear (shapeshifter) (D:13)
  5 dream sheep (Lair:5)
  A tarantella (shapeshifter) (D:13)
  16 blink frogs
  A jumping spider (shapeshifter) (D:13)
  A meliai zombie (D:10)
  A jumping spider (Vaults:4)
  21 slime creatures
  Sigmund (D:3)
  A spectral elephant (Lair:6)
  A spriggan (shapeshifter) (D:15)
  2 shadows (D:11)
  3 wyverns
  A culicivora (Vaults:3)
  6 water elementals
  11 wraiths
  Eustachio (D:6)
  85 yaks
  9 basilisks
  A golden eye (shapeshifter) (Vaults:1)
  A redback (Vaults:3)
  8 vampire mosquitoes
  A death yak simulacrum (Lair:6)
  A steam dragon (D:9)
  A neqoxec (Orc:2)
  Menkaure (D:6)
  A spectral cane toad (Lair:6)
  18 swamp worms
  40 nagas
  Duvessa (D:4)
  3 acid dragons
  22 water moccasins
  8 swamp drakes
  An elephant zombie (Lair:6)
  4 black bears
  41 orc warriors
  An ice beast (D:5)
  12 centaurs
  6 ogres
  2 elephant skeletons (Lair:6)
  12 wolves
  5 boggarts (Vaults:1)
  2 necrophages
  4 kobold brigands
  11 bullfrogs
  2 scorpions
  Dowan (D:4)
  An elephant simulacrum (Lair:6)
  6 killer bees
  2 howler monkeys
  6 electric eels
  A lava snake (D:7)
  3 centaur zombies
  31 orc priests
  3 centaur skeletons
  4 hounds
  8 jellies
  A gnoll shaman (D:6)
  16 orc wizards
  A howler monkey zombie (D:9)
  Robin (D:4)
  19 gnolls
  6 adders
  4 river rats (D:6)
  A shadow imp (D:7)
  2 white imps (D:5)
  An ufetubus (D:5)
  A worm (D:2)
  A dart slug (D:2)
  45 orcs
  A ball python (D:1)
  7 endoplasms
  2 giant cockroaches (D:4)
  16 goblins
  12 hobgoblins
  3 jackals (D:1)
  A quokka (D:2)
  3 bats
  7 frilled lizards
  34 kobolds
  10 rats
1429 creatures vanquished.

Vanquished Creatures (others)
  A bog body (Swamp:1)
  A bloated husk (Swamp:1)
  A spriggan (Swamp:3)
  61 ball lightnings
  A butterfly (Lair:6)
  20 foxfires
  42 fungi
  173 plants
  4 toadstools (D:1)
  25 withered plants (Lair:6)
329 creatures vanquished.

Grand Total: 1758 creatures vanquished

Notes
Turn   | Place    | Note
-------+----------+-------------------------------------------
     0 | D:1      | GordonOverkill the Spriggan Air Elementalist began the
                  | quest for the Orb.
     0 | D:1      | Reached XP level 1. HP: 9/9 MP: 5/5
   305 | D:1      | Reached skill level 1 in Conjurations
   305 | D:1      | Reached XP level 2. HP: 13/13 MP: 3/6
   481 | D:1      | Found a faded altar of an unknown god.
   485 | D:1      | Reached skill level 3 in Air Magic
  1319 | D:2      | Reached XP level 3. HP: 17/17 MP: 5/8
  1429 | D:2      | Noticed an ogre
  1440 | D:2      | Killed an ogre
  1441 | D:2      | Reached skill level 1 in Fighting
  1441 | D:2      | Reached XP level 4. HP: 22/22 MP: 3/10
  1670 | D:2      | Identified the +1 leather armour "Verrowan" {Harm Regen+
                  | Dex-4 SInv}
  1683 | D:2      | Found the +1 Delatra's gloves {ID++}
  1918 | D:2      | Reached XP level 5. HP: 25/25 MP: 11/11
  2156 | D:3      | Learned a level 4 spell: Airstrike
  2177 | D:3      | Identified the +3 mace of Waerein {freeze, rN+ SInv}
  2425 | D:3      | Noticed Sigmund
  2688 | D:4      | Noticed an ogre
  2690 | D:4      | Noticed Robin
  2755 | D:4      | Noticed Duvessa
  2755 | D:4      | Noticed Dowan
  2879 | D:4      | Noticed a black bear
  2888 | D:4      | Killed a black bear
  2889 | D:4      | Reached skill level 4 in Air Magic
  2889 | D:4      | Reached XP level 6. HP: 30/30 MP: 6/12
  3355 | D:4      | Killed Dowan
  3516 | D:4      | Killed Robin
  3517 | D:4      | Reached skill level 5 in Air Magic
  4319 | D:4      | Reached XP level 7. HP: 35/35 MP: 9/15
  4839 | D:4      | Reached skill level 5 in Spellcasting
  5587 | D:4      | HP: 2/52 [gnoll (4)]
  6909 | D:5      | Entered Level 5 of the Dungeon
  6932 | D:5      | Reached skill level 6 in Air Magic
  7225 | D:5      | Reached XP level 8. HP: 33/40 MP: 8/17
  7573 | D:5      | Noticed Grinder
  7735 | D:5      | Found an opulent altar of Gozag.
  7879 | D:5      | Found Gozag's Platinum Reserve.
  8580 | D:6      | Found a staircase to the Ecumenical Temple.
  8667 | Temple   | Entered the Ecumenical Temple
  8894 | Temple   | Became a worshipper of Vehumet
  8962 | D:6      | Reached skill level 1 in Evocations
  9075 | D:6      | Reached skill level 7 in Air Magic
  9182 | D:6      | Noticed Menkaure
  9189 | D:6      | Killed Menkaure
  9755 | D:6      | Noticed Eustachio
 10121 | D:6      | Reached XP level 9. HP: 46/46 MP: 11/20
 10299 | D:6      | Found a shimmering altar of Xom.
 11000 | D:6      | Killed Eustachio
 11001 | D:6      | Reached skill level 8 in Air Magic
 11201 | D:5      | Killed Grinder
 11201 | D:5      | Reached * piety under Vehumet
 11201 | D:5      | Offered knowledge of Sandblast by Vehumet.
 11302 | D:5      | Identified the +0 cloak of Kusav {Rampage Drain Str+8
                  | Dex-2}
 11462 | D:4      | Killed Duvessa
 12668 | D:3      | Killed Sigmund
 13001 | D:7      | Noticed a cyclops
 13146 | D:7      | Got the Papyrus of Toxic Arcane Weapons
 13392 | D:7      | Found Ciaxac's General Store.
 13659 | D:7      | Noticed a six-headed hydra
 13693 | D:7      | Killed a six-headed hydra
 13694 | D:7      | Reached skill level 5 in Fighting
 13694 | D:7      | Reached skill level 9 in Air Magic
 13694 | D:7      | Reached skill level 5 in Evocations
 14083 | D:7      | Bought a +4 ring of protection for 468 gold pieces
 14083 | D:7      | Bought a potion of might for 52 gold pieces
 14697 | D:7      | Reached XP level 10. HP: 51/51 MP: 17/23
 15220 | D:9      | Noticed a deep elf pyromancer
 15220 | D:9      | Noticed a two-headed ogre
 15829 | D:9      | Reached skill level 10 in Air Magic
 15892 | D:9      | Noticed a two-headed ogre
 15896 | D:9      | Killed a two-headed ogre
 15987 | D:9      | Noticed a gargoyle
 16346 | D:9      | Killed a two-headed ogre
 16347 | D:9      | Reached skill level 10 in Spellcasting
 16481 | D:9      | Reached ** piety under Vehumet
 16482 | D:9      | Offered knowledge of Freeze by Vehumet.
 16756 | D:9      | Reached XP level 11. HP: 60/60 MP: 17/26
 16797 | D:9      | Killed a deep elf pyromancer
 16894 | D:9      | Reached skill level 1 in Armour
 17098 | D:9      | Noticed Maurice
 17102 | D:9      | Killed Maurice
 17565 | D:10     | Entered Level 10 of the Dungeon
 17730 | D:9      | Reached skill level 5 in Dodging
 17802 | D:10     | Noticed a two-headed ogre
 17811 | D:10     | Killed a two-headed ogre
 17922 | D:10     | Offered knowledge of Mephitic Cloud by Vehumet.
 17955 | D:10     | Learned a level 3 spell: Mephitic Cloud
 18398 | D:10     | Found a staircase to the Orcish Mines.
 18566 | D:10     | Found Yzeokk's Gadget Gallery.
 19081 | D:11     | Reached *** piety under Vehumet
 19304 | D:11     | Found a staircase to the Lair.
 19890 | D:11     | Noticed Josephine
 19956 | D:11     | Killed Josephine
 19957 | D:11     | Reached XP level 12. HP: 67/67 MP: 1/27
 20209 | D:11     | Offered knowledge of Dazzling Flash by Vehumet.
 20265 | D:11     | Noticed an ettin
 20282 | D:11     | Killed an ettin
 21111 | D:11     | Reached skill level 10 in Fighting
 21404 | D:12     | Reached skill level 5 in Conjurations
 21855 | D:12     | Noticed Urug
 22012 | D:12     | Noticed a two-headed ogre
 22031 | D:12     | Killed a two-headed ogre
 22699 | D:12     | Learned a level 8 spell: Maxwell's Capacitive Coupling
 22772 | D:12     | Found a portal to a secret trove of treasure.
 23003 | D:13     | Reached **** piety under Vehumet
 23234 | D:13     | Found a gate leading to a gauntlet.
 23259 | Gauntlet | Entered a Gauntlet
 23259 | Gauntlet | Found a transporter.
 23293 | Gauntlet | Found a transporter.
 23293 | Gauntlet | Found a transporter.
 23294 | Gauntlet | Found a transporter.
 23302 | Gauntlet | Found a transporter.
 23305 | Gauntlet | Found a transporter.
 23306 | Gauntlet | Found a transporter.
 23318 | Gauntlet | Found a transporter.
 23319 | Gauntlet | Found a transporter.
 23319 | Gauntlet | Found a transporter.
 23320 | Gauntlet | Noticed an entropy weaver
 23327 | Gauntlet | Found a transporter.
 23330 | Gauntlet | Found a transporter.
 23331 | Gauntlet | Found a transporter.
 23337 | Gauntlet | Found a runed translucent gate.
 23337 | Gauntlet | Found a runed translucent gate.
 23337 | Gauntlet | Found a runed translucent gate.
 23337 | Gauntlet | Noticed a reaper
 23339 | Gauntlet | Found a transporter.
 23859 | D:13     | Noticed a centaur warrior
 24444 | Lair:1   | Entered Level 1 of the Lair of Beasts
 24446 | Lair:1   | Found a hazy altar of Hepliaklqana.
 24498 | Lair:1   | Noticed a four-headed hydra
 24529 | Lair:1   | Noticed a six-headed hydra
 25586 | D:11     | Killed a four-headed hydra
 25823 | D:11     | Killed a six-headed hydra
 25824 | D:11     | Reached skill level 11 in Air Magic
 26087 | Lair:1   | Offered knowledge of Iskenderun's Mystic Blast by Vehumet.
 26088 | Lair:1   | Reached XP level 13. HP: 72/72 MP: 2/28
 26135 | Lair:1   | Learned a level 6 spell: Conjure Ball Lightning
 27186 | Lair:2   | Found a staircase to the Swamp.
 28483 | Lair:3   | Reached skill level 12 in Air Magic
 28821 | Lair:3   | Reached ***** piety under Vehumet
 29154 | Lair:4   | Offered knowledge of Iron Shot by Vehumet.
 29171 | Lair:4   | Learned a level 6 spell: Iron Shot
 29287 | Lair:4   | Found a staircase to the Snake Pit.
 29867 | Lair:4   | Reached skill level 13 in Air Magic
 30733 | Lair:5   | You fall into a shaft and drop 1 floor!
 30733 | Lair:6   | Entered Level 6 of the Lair of Beasts
 31500 | Lair:5   | Reached XP level 14. HP: 77/77 MP: 21/32
 31987 | Lair:6   | Reached skill level 14 in Air Magic
 32520 | Lair:5   | Offered knowledge of Freezing Cloud by Vehumet.
 32536 | Lair:5   | Learned a level 5 spell: Freezing Cloud
 32613 | Lair:6   | Found a staircase to the Slime Pits.
 33854 | Lair:6   | Reached skill level 15 in Air Magic
 34267 | Lair:6   | Reached skill level 15 in Spellcasting
 35206 | Lair:6   | Found a staircase to the Slime Pits.
 36021 | Orc:1    | Entered Level 1 of the Orcish Mines
 36137 | Orc:2    | Entered Level 2 of the Orcish Mines
 37435 | Orc:2    | Offered knowledge of Eringya's Noxious Bog by Vehumet.
 37498 | Orc:2    | Gained mutation: You are frail. (-10% HP) [a neqoxec]
 37593 | Orc:2    | Found Nuas's Distillery.
 37599 | Orc:2    | Found Havauny's Distillery.
 37643 | Orc:2    | Reached XP level 15. HP: 72/72 MP: 17/35
 37763 | Orc:2    | Found a staircase to the Elven Halls.
 39529 | Orc:2    | Reached skill level 16 in Air Magic
 39663 | Orc:2    | Found Zaaneun's Antique Weapon Boutique.
 39663 | Orc:2    | Found Nyost's Book Shop.
 39664 | Orc:2    | Found a one-way gate leading to the halls of Pandemonium.
 39829 | Orc:2    | Bought a potion of cancellation for 88 gold pieces
 39829 | Orc:2    | Bought a potion of lignification for 33 gold pieces
 39829 | Orc:2    | Bought 2 potions of haste for 220 gold pieces
 39829 | Orc:2    | Bought a potion of might for 44 gold pieces
 39829 | Orc:2    | Bought a potion of lignification for 33 gold pieces
 39829 | Orc:2    | Bought a potion of curing for 33 gold pieces
 39829 | Orc:2    | Bought a potion of haste for 110 gold pieces
 39829 | Orc:2    | Bought a potion of curing for 33 gold pieces
 39831 | Orc:2    | Bought a potion of heal wounds for 65 gold pieces
 39831 | Orc:2    | Bought 2 potions of curing for 78 gold pieces
 39831 | Orc:2    | Bought a potion of curing for 39 gold pieces
 39831 | Orc:2    | Bought a potion of magic for 104 gold pieces
 39831 | Orc:2    | Bought a potion of curing for 39 gold pieces
 39831 | Orc:2    | Bought a potion of haste for 130 gold pieces
 39831 | Orc:2    | Bought a potion of brilliance for 52 gold pieces
 39831 | Orc:2    | Bought a potion of resistance for 130 gold pieces
 39831 | Orc:2    | Bought a potion of haste for 130 gold pieces
 39831 | Orc:2    | Bought a potion of lignification for 39 gold pieces
 39985 | D:7      | Bought a scroll of holy word for 97 gold pieces
 39985 | D:7      | Bought a potion of haste for 130 gold pieces
 40238 | Swamp:1  | Entered Level 1 of the Swamp
 40249 | Swamp:1  | Noticed a fenstrider witch
 40253 | Swamp:1  | Killed a fenstrider witch
 40428 | Snake:1  | Entered Level 1 of the Snake Pit
 40482 | Snake:1  | Noticed Louise
 40504 | Snake:1  | Killed Louise
 40888 | Snake:1  | Lost mutation: You are frail. (-10% HP) [potion of
                  | mutation]
 40888 | Snake:1  | Gained mutation: Potions are less effective at restoring
                  | your health. [potion of mutation]
 40888 | Snake:1  | Gained mutation: You are clumsy. (Dex -2) [potion of
                  | mutation]
 40889 | Snake:1  | Lost mutation: You are clumsy. (Dex -2) [potion of
                  | mutation]
 40889 | Snake:1  | Lost mutation: Potions are less effective at restoring your
                  | health. [potion of mutation]
 40889 | Snake:1  | Gained mutation: Armour fits poorly on your strangely
                  | shaped body. [potion of mutation]
 40889 | Snake:1  | Gained mutation: You have a somewhat thin skeletal
                  | structure. (Dex +2, Stealth+) [potion of mutation]
 40889 | Snake:1  | Gained mutation: You have a pair of small antennae on your
                  | head. [potion of mutation]
 40890 | Snake:1  | Lost mutation: Armour fits poorly on your strangely shaped
                  | body. [potion of mutation]
 40890 | Snake:1  | Lost mutation: You have a pair of small antennae on your
                  | head. [potion of mutation]
 40890 | Snake:1  | Lost mutation: You have a somewhat thin skeletal structure.
                  | (Dex +2, Stealth+) [potion of mutation]
 40890 | Snake:1  | Gained mutation: You sometimes lose the ability to read
                  | scrolls when taking damage. [potion of mutation]
 41069 | Snake:1  | Lost mutation: You sometimes lose the ability to read
                  | scrolls when taking damage. [potion of mutation]
 41069 | Snake:1  | Gained mutation: Your spells are a little easier to cast,
                  | but a little less powerful. [potion of mutation]
 41069 | Snake:1  | Gained mutation: You are partially covered in iridescent
                  | scales. (AC +2) [potion of mutation]
 41069 | Snake:1  | Gained mutation: You have a pair of small horns on your
                  | head. [potion of mutation]
 41751 | Snake:1  | Offered knowledge of Orb of Destruction by Vehumet.
 41804 | Snake:1  | Learned a level 7 spell: Orb of Destruction
 42481 | Snake:2  | Reached skill level 17 in Air Magic
 42749 | Snake:2  | Reached XP level 16. HP: 90/90 MP: 31/36
 42862 | Snake:2  | Identified the +6 hand axe "Heyn" {flame, rN+ rCorr}
 43149 | Snake:2  | Found Eloypuny's Armour Emporium.
 43649 | Snake:2  | Got Etuehad's Grimoire of Flight
 44034 | Snake:2  | Found Eloypuny's Armour Emporium.
 45230 | Snake:3  | Reached ****** piety under Vehumet
 45659 | Snake:3  | Noticed Vashnia
 46295 | Snake:3  | Killed Vashnia
 46496 | Snake:3  | Offered knowledge of Spellforged Servitor by Vehumet.
 46926 | Snake:3  | Found Ufehuer's Weapon Shop.
 47455 | Snake:4  | Entered Level 4 of the Snake Pit
 47515 | Snake:3  | Reached skill level 5 in Armour
 47547 | Snake:3  | Reached skill level 18 in Air Magic
 48386 | Snake:4  | Reached XP level 17. HP: 88/97 MP: 13/37
 50306 | Snake:4  | Reached skill level 19 in Air Magic
 50345 | Snake:4  | Offered knowledge of Starburst by Vehumet.
 50592 | Snake:4  | Reached skill level 15 in Fighting
 51133 | Snake:4  | Got a serpentine rune of Zot
 52334 | Swamp:1  | Noticed a tentacled monstrosity
 52335 | Swamp:1  | Found a transporter.
 52336 | Swamp:1  | Noticed Ypsiuj's ghost (adept GnSk)
 52338 | Swamp:1  | Found a transporter.
 52828 | Swamp:2  | Reached skill level 20 in Air Magic
 53730 | Swamp:3  | Found a sparkling altar of Nemelex Xobeh.
 53745 | Swamp:3  | Offered knowledge of Ozocubu's Refrigeration by Vehumet.
 53750 | Swamp:3  | Reached XP level 18. HP: 96/104 MP: 30/38
 53758 | Swamp:3  | Learned a level 7 spell: Ozocubu's Refrigeration
 54361 | Swamp:3  | Found a transporter.
 54389 | Swamp:3  | Found a transporter.
 54507 | Swamp:4  | Entered Level 4 of the Swamp
 54517 | Swamp:4  | Noticed a tentacled monstrosity
 54519 | Swamp:4  | Reached skill level 1 in Ice Magic
 54621 | Swamp:3  | Killed a tentacled monstrosity
 54793 | Swamp:4  | Noticed Aizul
 55868 | Swamp:4  | Killed Aizul
 55911 | Swamp:4  | Identified the +11 double sword of Kismet {vorpal, Int+3
                  | Dex+6}
 55989 | Swamp:4  | Got a decaying rune of Zot
 56410 | D:11     | Upgraded the game from 0.28-b1-25-g9875b3fc8c to
                  | 0.28-b1-38-gff268fdeb9
 56467 | D:12     | Killed Urug
 57040 | D:13     | Found a gate to the Vaults.
 58097 | D:13     | Found a gate to the Vaults.
 58978 | D:14     | Reached skill level 10 in Dodging
 59302 | D:15     | Entered Level 15 of the Dungeon
 59748 | D:15     | Offered knowledge of Fire Storm by Vehumet.
 59748 | D:15     | Offered knowledge of Shatter by Vehumet.
 59748 | D:15     | Offered knowledge of Polar Vortex by Vehumet.
 60012 | D:15     | Found a frozen archway.
 60112 | IceCv    | Entered an ice cave
 60941 | IceCv    | Reached XP level 19. HP: 87/108 MP: 33/40
 60949 | IceCv    | Reached skill level 5 in Ice Magic
 61007 | IceCv    | Identified the ring "Naiqon" {Ice Int+4 Slay+3}
 61016 | IceCv    | Identified the ring of Circularity {Wiz rElec rC+ rN+
                  | rCorr}
 61603 | D:15     | Found a staircase to the Depths.
 61757 | Vaults:1 | Entered Level 1 of the Vaults
 62765 | Vaults:1 | Reached skill level 21 in Air Magic
 63831 | Vaults:1 | Found Wehuihad's Antique Weapon Shop.
 63834 | Vaults:1 | Bought a scorched war axe for 297 gold pieces
 63834 | Vaults:1 | Identified the +8 war axe of the Curious Leylines {flame,
                  | SInv} (You bought it in a shop on level 1 of the Vaults)
 66247 | Vaults:2 | Found a staircase to the Crypt.
 66247 | Vaults:2 | Found an ancient bone altar of Kikubaaqudgha.
 66248 | Vaults:2 | Found a basalt altar of Yredelemnul.
 66511 | Vaults:2 | Reached XP level 20. HP: 113/113 MP: 38/42
 67249 | Vaults:3 | Reached skill level 15 in Dodging
 67919 | Vaults:3 | Reached skill level 22 in Air Magic
 69400 | Vaults:4 | Reached skill level 10 in Ice Magic
 71904 | Vaults:4 | Reached XP level 21. HP: 118/118 MP: 36/43
 72507 | Depths:1 | Entered Level 1 of the Depths
 73739 | Depths:1 | Found Duonnona's Weapon Shop.
 73739 | Depths:1 | Found Rahighav's Book Boutique.
 73741 | Depths:1 | Found Timuoq Jipim's Book Boutique.
 73742 | Depths:1 | Found Laicwih's Armour Shop.
 73745 | Depths:1 | Bought a book of the Earth for 720 gold pieces
 73762 | Depths:1 | Found a one-way gateway to a ziggurat.
 73863 | Depths:1 | Found a gateway to Hell.
 74347 | Depths:1 | HP: 1/116 [+4 demon trident of draining (30)]
 74347 | Depths:1 | Mangled by a +4 demon trident of draining

Illustrated notes

Levels and vault maps discovered:
D:1:      ldierk_walled_garden_2, layout_basic,
          shapermc_ecumenical_altar_acropolis,
          hangedman_abyss_or_decor_lesser_grid
D:2:      wander_river, layout_basic
D:3:      layout_basic, uniq_sigmund
D:4:      minmay_goblin_kobold_castle, layout_layer_cave, uniq_robin,
          uniq_duvessa
D:5:      layout_loops_ring, nicolae_gozag_zags_fifth_avenue,
          minmay_misc_feat_diagonals, grunt_decor_cap, minmay_misc_feat_chi,
          hangedman_decor_opposing, uniq_grinder
D:6:      wad_woods_stonehenge, layout_basic, minmay_temple_entry_proselytizer,
          uniq_menkaure, uniq_eustachio
D:7:      layout_gridville, serial_shops, nicolae_inconvenience_store,
          kennysheep_windowed_goal
D:8:      layout_rooms, minmay_crystal_water
D:9:      cheibrodos_fzero, layout_cave_pools, st_stairs_12, uniq_maurice
D:10:     layout_loops_corners, orc_0_dummy, minivault_11, serial_bayou_pond_b,
          nicolae_shop_gadgets
D:11:     layout_loops_corners, david_lair_shrubbed, minmay_three_doors,
          uniq_josephine
D:12:     layout_loops_corners, trove_entry_hex_spiral, uniq_urug
D:13:     layout_rooms, david_vaults_4, gauntlet_entry_generic
D:14:     layout_gridville, hangedman_decor_cross_pass
D:15:     gammafunk_enter_depths_forms, layout_loops_ring, serial_glass,
          glass_columns_b, glass_columns_b, glass_columns_a, glass_columns_a,
          glass_columns_c, glass_columns_b, glass_columns_a, glass_columns_a,
          portal_ice_cave_entry_ice_statue_one
Temple:   mainiacjoe_temple_archimedes_tessellation
Lair:1:   statuecave_lemuel, layout_chaotic_city, basic_altar
Lair:2:   layout_layer_cave, swamp_mist, infiniplex_staircase_pool_2
Lair:3:   layout_big_grid, disabler_island
Lair:4:   layout_concentric_octagons, minmay_snake_entry_six_corridors,
          grunt_megastairs_1
Lair:5:   layout_regular_city
Lair:6:   due_jungle_book, layout_misc_corridors,
          nicolae_slime_entry_slimehenge, lemuel_fruit_fields
Swamp:1:  layout_basic_swamp, gammafunk_ghost_arena, evilmike_swamp_ruin_house_3
Swamp:2:  layout_basic_swamp, evilmike_swamp_ruin_house_2
Swamp:3:  gammafunk_worm_tunnel, layout_basic_swamp, nicolae_swamp_godswood
Swamp:4:  swamp, layout_basic_swamp, swamp_pool1, uniq_aizul
Snake:1:  layout_grid_maze, uniq_louise
Snake:2:  layout_grid_maze, nicolae_snake_storage_room, minmay_shop_star
Snake:3:  layout_concentric_octagons, serial_shops, nicolae_shop_behind_doors,
          lemuel_fruit_tree, uniq_vashnia
Snake:4:  grunt_snake_rune_serpentine_throne, layout_cave_town, st_stairs_8,
          grunt_megastairs_5
Orc:1:    layout_caves, basic_altar, david_defended_altar_orc
Orc:2:    pf_orc_diabolical, layout_caves
Vaults:1: v_pattern_1, hangedman_vaults_stitches,
          nicolae_vaults_know_your_exits, hangedman_vaults_cutoff,
          vaults_standard_mumra_x, vaults_room_grunt_arrival_ludios,
          serial_ice_g, nicolae_vaults_network_quinsquares
          [nicolae_vaults_network_quincunx_subvault,
          nicolae_vaults_network_quincunx_subvault,
          nicolae_vaults_network_quincunx_subvault,
          nicolae_vaults_network_quincunx_subvault], vaults_room_fancy_cross,
          ontoclasm_vaults_gateway, layout_vaults_omnicross, serial_shops,
          nicolae_shop_behind_doors
Vaults:2: v_misc_2, grunt_vaults_bifocal, vaults_room_large_hall,
          ontoclasm_vaults_spin, hangedman_vaults_locks,
          vaults_dpeg_encased_lava, minmay_crypt_entry_necro_gods,
          vaults_mumra_minichess, ontoclasm_vaults_ligature, v_misc_24,
          layout_vaults_ring
Vaults:3: st_lattice, grunt_vaults_funnel, v_alt_pattern_5,
          hangedman_vaults_stretched_pinwheel, nicolae_vaults_what_the_h,
          v_pattern_2, vaults_mumra_chevron, nicolae_vaults_specimen_jars,
          nicolae_vaults_angled_halls, v_misc_26, vaults_room_corners,
          layout_vaults_chaotic_city
Vaults:4: v_misc_26, nicolae_vaults_big_ls, v_misc_18, nicolae_vaults_network_s,
          grunt_vaults_trifunnel, v_rooms_4, special_room_vaults
          [special_room_orc], layout_vaults_quadrants
Depths:1: layout_cave_pools, enter_ziggurat_f, hell_entry, serial_bayou_pond_c,
          kennysheep_doodads, nicolae_danse_macabre, serial_bayou_shore_b,
          minmay_shoptagon

Skill      XL: |  1  2  3  4  5  6  7  8  9 10 11 12 13 14 15 16 17 18 19 20 21 |
---------------+----------------------------------------------------------------+-----
Conjurations   | 1 2 3 7 |  7.0
Air Magic      | 3 4 5 6 7 9 10 11 13 15 17 18 20 21 22 | 22.0
Spellcasting   | 3 4 5 7 8 10 13 15 16 17 18 | 18.3
Fighting       | 1 2 3 4 5 8 9 10 12 14 15 | 15.7
Stealth        | 4 |  4.0
Evocations     | 3 5 7 |  7.0
Dodging        | 7 11 14 15 | 15.0
Armour         | 2 5 |  5.0
Ice Magic      | 4 7 10 11 | 11.2

Action                   |  1- 3 |  4- 6 |  7- 9 | 10-12 | 13-15 | 16-18 | 19-21 || total
-------------------------+-------+-------+-------+-------+-------+-------+-------++-------
Melee: Unarmed           |     1 |       |       |       |       |       |       ||     1
       Short sword       |       |     2 |       |       |       |       |       ||     2
       Staff             |       |       |     2 |       |    27 |     1 |     2 ||    32
       Headbutt          |       |       |       |       |       |     1 |     1 ||     2
 Cast: Shock             |    65 |   114 |   103 |     5 |     1 |     2 |     1 ||   291
       Airstrike         |       |     1 |   129 |   458 |   981 |    77 |    12 ||  1658
       Conjure Ball Ligh |       |       |       |       |     4 |    11 |     7 ||    22
       Maxwell's Capacit |       |       |       |       |    70 |   358 |   347 ||   775
       Ozocubu's Refrige |       |       |       |       |       |       |     4 ||     4
Evoke: Wand              |       |       |     1 |     3 |    11 |     4 |     4 ||    23
       Tin of tremorston |       |       |       |       |       |       |     2 ||     2
       Condenser vane    |       |       |       |       |       |       |     1 ||     1
  Use: Scroll            |       |     5 |     4 |     7 |    12 |    10 |     5 ||    43
       Potion            |       |     1 |     3 |     3 |    15 |     1 |     3 ||    26
 Stab: Sleeping          |       |     1 |       |       |       |       |     1 ||     2
Armor: Robe              |       |     5 |     4 |     2 |       |       |       ||    11
       Skin              |       |       |    15 |       |       |       |       ||    15
       Troll leather arm |       |       |       |    23 |    81 |   199 |    56 ||   359
Dodge: Dodged            |     1 |    14 |    20 |    93 |   428 |   657 |   392 ||  1605
Block: Other             |       |     6 |     5 |       |       |       |       ||    11
       Reflection        |       |       |     1 |       |       |       |       ||     1
